 Dungeon Crawl Stone Soup version 0.23.2-1-ga50397a (webtiles) character file.

Game seed: 12645719748306304336

147 redwoodhats the Poker (level 5, -5/49 HPs)
             Began as a Tengu Berserker on May 15, 2019.
             Was a Priest of Trog.
             Slain by a river rat (8 damage)
             ... on level 3 of the Dungeon.
             The game lasted 00:07:55 (1824 turns).

redwoodhats the Poker (Tengu Berserker)             Turns: 1824, Time: 00:07:55

Health: -5/49      AC:  2    Str: 23    XL:     5   Next: 29%
Magic:  3/6        EV: 16    Int:  8    God:    Trog [***...]
Gold:   107        SH:  0    Dex: 13    Spells: 4/4 levels left

rFire    . . .     SeeInvis .   f - +0 dagger (protect)
rCold    . . .     Gourm    .   (no shield)
rNeg     . . .     Faith    .   b - +0 animal skin
rPois    .         Spirit   .   (helmet restricted)
rElec    .         Reflect  .   (no cloak)
rCorr    .         Harm     .   (no gloves)
MR       ++...                  (boots unavailable)
Stlth    ..........             (no amulet)
HPRegen  1.16/turn              (no ring)
MPRegen  0.10/turn              (no ring)

@: berserking, flying quickly and evasively, regenerating, very quick
A: beak, talons 3, able to fly
a: Stop Flying, Berserk, Trog's Hand, Renounce Religion


You were on level 3 of the Dungeon.
You worshipped Trog.
Trog was most pleased with you.
You were not hungry.

You visited 1 branch of the dungeon, and saw 3 of its levels.

You collected 107 gold pieces.

Inventory:

Hand Weapons
 a - a +0 spear
 f - a +0 dagger of protection (weapon)
 i - a +0 hunting sling of flaming
Missiles
 j - 14 sling bullets
Armour
 b - a +0 animal skin (worn)
 h - a +0 helmet
Wands
 m - a wand of polymorph (7)
Scrolls
 d - 2 scrolls of blinking {unknown}
 e - 2 scrolls of amnesia
 k - a scroll of immolation {unknown}
 l - a scroll of remove curse {unknown}
 n - a scroll of enchant armour {unknown}
Potions
 g - a potion of haste
Comestibles
 c - 5 rations


   Skills:
 + Level 4.0 Fighting
 + Level 1.4 Short Blades
 + Level 4.0 Polearms
 + Level 1.4 Slings
 + Level 2.4 Armour
 + Level 3.2 Dodging
 + Level 0.4 Stealth


You had 4 spell levels left.
You didn't know any spells.
Your spell library was empty.

Dungeon Overview and Level Annotations

Branches:
Dungeon (2/15)

Altars:
Elyvilon
Hepliaklqana
Trog


Innate Abilities, Weirdness & Mutations

You have a beak for a mouth.
You have claws for feet.
You can fly continuously.


Message History

You claw the river rat, but do no damage.
The river rat is heavily wounded.
The river rat bites you.
* * * LOW HITPOINT WARNING * * *
The river rat barely misses you.
You closely miss the river rat. Your kick misses the river rat.
The river rat barely misses you.
The river rat bites you but does no damage.
You swoop lightly up into the air.
You feel very comfortable in the air.
You feel somewhat more hungry. The river rat barely misses you.
The river rat closely misses you.
Your skin crawls.
You feel resistant to hostile enchantments.
You feel somewhat more hungry. The river rat bites you.
* * * LOW HITPOINT WARNING * * *
The river rat barely misses you.
A red film seems to cover your vision as you go berserk!
You feel yourself moving faster!
You feel mighty!
You feel a lot more hungry. The river rat closely misses you.
The river rat bites you!
You die...

#.....# #...........
#.....####..........
######.............#
#...............
#.####..........
#≈≈.............
#≈≈≈...##.......
#≈#######≈#....####)####
≈≈rwSrr@#≈≈≈...####)##..
#######r#≈#≈......).....
#≈≈≈≈≈#≈≈≈≈...#######.
≈w≈≈#≈#≈#≈#≈...## ##
#≈#≈#≈#≈..## ≈ #≈≈≈#...#
## #####..... . ###.


You could see a worm, an adder and 4 river rats.

Vanquished Creatures
  Robin (D:2)
  4 adders
  4 worms
  2 dart slugs
  9 orcs (D:3)
  7 giant cockroaches
  11 hobgoblins
  2 quokkas (D:2)
  7 bats
  4 frilled lizards
  13 goblins
  4 kobolds
  6 rats
74 creatures vanquished.

Notes
Turn   | Place    | Note
-------+----------+-------------------------------------------
     0 | D:1      | redwoodhats the Tengu Berserker began the quest for the
                  | Orb.
     0 | D:1      | Reached XP level 1. HP: 14/14 MP: 2/2
   408 | D:1      | Reached XP level 2. HP: 19/19 MP: 3/3
  1085 | D:2      | Noticed Robin
  1090 | D:2      | Reached XP level 3. HP: 23/23 MP: 4/4
  1096 | D:2      | Reached ** piety under Trog
  1115 | D:2      | Killed Robin
  1235 | D:2      | Found a hazy altar of Hepliaklqana.
  1238 | D:2      | Reached XP level 4. HP: 14/29 MP: 5/5
  1408 | D:2      | Found a bloodstained altar of Trog.
  1535 | D:2      | Found a white marble altar of Elyvilon.
  1676 | D:2      | You fall through a shaft!
  1689 | D:3      | Reached *** piety under Trog
  1689 | D:3      | Reached skill level 1 in Short Blades
  1692 | D:3      | Reached skill level 1 in Slings
  1694 | D:3      | Gained mutation: You can fly continuously. [Tengu growth]
  1694 | D:3      | Reached XP level 5. HP: 33/33 MP: 6/6
  1823 | D:3      | HP: 1/33 [river rat (6)]
  1824 | D:3      | Slain by a river rat

Skill      XL: |  1  2  3  4  5 |
---------------+----------------+-----
Polearms       | 4 |  4.0
Dodging        | 3 |  3.2
Short Blades   | 1 |  1.4
Slings         | 1 |  1.4
Fighting       | 4 |  4.0
Armour         | |  2.4
Stealth        | |  0.4

Action                   |  1- 3 |  4- 6 || total
-------------------------+-------+-------++-------
Melee: Spear             |    28 |       ||    28
       Kick              |    23 |    18 ||    41
       Peck              |    13 |     8 ||    21
       Dagger            |    65 |    52 ||   117
 Fire: Hunting sling     |       |    31 ||    31
Invok: Berserk           |     1 |     2 ||     3
       Trog's Hand       |       |     1 ||     1
 Abil: Fly               |       |     1 ||     1
  Use: Scroll            |     1 |       ||     1
       Potion            |     1 |       ||     1
 Stab: Sleeping          |     1 |       ||     1
  Eat: Ration            |     1 |     1 ||     2
Armor: Animal skin       |    30 |    10 ||    40
Dodge: Dodged            |    58 |    33 ||    91
